Selects Airborne Battlegroup
Selects Heavy Machine Gun Paradrop
Heavy Machine Gun Paradrop
Heavy Machine Gun Paradrop
Mechanized Support Center
Heavy Machine Gun Paradrop
M1918 Browning Automatic Rifles
Selects Paratrooper Squad Paradrop
Paratrooper Squad Paradrop
Construct Medical Station
Paratrooper Squad Paradrop
Selects Anti-tank Gun Team Paradrop
Heavy Machine Gun Paradrop
Paratrooper Squad Paradrop
Anti-tank Gun Team Paradrop
Heavy Machine Gun Paradrop
Paratrooper Squad Paradrop
Paratrooper Squad Paradrop
Paratrooper Squad Paradrop
Selects Paradrop Reinforcements